cohdb
Replays
Latest Replays
All Replays
Popular Replays
Top Player Replays
Match Explorer
How It Works
Community
CoH3 Stats
Reddit
Sign in to upload your games and track your stats! →
Sign in with Steam
Match 42154479
Unlisted
Match 42154479
Overview
Messages
Build Orders
End
Kradschützen Motorcycle Team
250 Light Carrier
Panzerpioneer Squad
Selects Panzerjäger Kommand Battlegroup
250 Light Carrier
Construct Light Support Kompanie
Assault Grenadier Squad
Combat Half-tracks
Selects GrB 39 Grenade Launcher Requisition
Panzerjäger Mechanized Group
Construct Mechanized Kompanie
Support Armor Elements
StuG III D Assault Gun
Vehicle Survival Package
Selects Mine Fields
254 Reconnaissance Tractor
Selects Defensive Positions
StuG III D Assault Gun
Assault Mechanized Group
Emergency Repair Kits
Selects Butterfly Bomb Drop
HulkSMASH
⚓️Ruby⚓
KusseKarl
Zulu
0
0
Comments
sign in to comment!
No comments posted yet!